 Dungeon Crawl Stone Soup version 0.31.0-1-g2c135a008e (console) character file.

Game seed: 5353508214239928127

56 AlterAsc the Ruffian (level 3, -3/36 HPs)
             Began as a Troll Shapeshifter on Jan 20, 2024.
             Slain by a scorpion (7 damage)
             ... on level 3 of the Dungeon.
             The game lasted 00:07:47 (1730 turns).

AlterAsc the Ruffian (Troll Shapeshifter)           Turns: 1730, Time: 00:07:48

Health: -3/36      AC:  4    Str: 24    XL:     3   Next: 69%
Magic:  2/2        EV: 10    Int:  6    God:
Gold:   50         SH:  0    Dex:  9    Spells: 2/2 levels left

rFire   . .          .
                       - Unarmed
rCold   . . .        (no shield)
rNeg    . . .        a - +0 animal skin
rPois   .            (helmet currently unavailable)
rElec   .            (cloak currently unavailable)
rCorr   .            (gloves unavailable)
SInv    +            (boots unavailable)
Will    .....        l - amulet of the acrobat
Stlth   +            n - ring of see invisible
HPRegen 1.06/turn    (no ring)
MPRegen 0.08/turn

%: acrobat
@: lethally poisoned (-3 -> -14), beast-form
A: beast (slay +1), large, unfitting armour, claws 3, regeneration 1, shaggy fur
1, tough skin 1
a: Begin Untransformation


You were on level 3 of the Dungeon.
You were a hulking beast.
You visited 1 branch of the dungeon, and saw 3 of its levels.

You collected 83 gold pieces.
You spent 33 gold pieces at shops.

Inventory:

Missiles
 h - 35 stones (quivered)
Armour
 a - a +0 animal skin (worn)
Jewellery
 l - an amulet of the acrobat (around neck)
 n - a ring of see invisible (left claw)
Talismans
 c - a beast talisman
 d - a flux talisman
Scrolls
 g - 2 scrolls of identify {unknown}
 i - 2 scrolls of fear {unknown}
 p - 3 scrolls of teleportation
 s - a scroll of noise {unknown}
Potions
 b - 2 potions of lignification
 e - a potion of invisibility {unknown}
 f - a potion of haste {unknown}
 j - 2 potions of cancellation {unknown}
 k - 2 potions of heal wounds {unknown}
 m - 2 potions of attraction {unknown}
 o - a potion of ambrosia {unknown}
 q - a potion of brilliance {unknown}
 r - a potion of enlightenment {unknown}


   Skills:
 * Level 2.7 Fighting
 - Level 2.0 Dodging
 - Level 3.0 Unarmed Combat
 - Level 3.0 Shapeshifting


You had 2 spell levels left.
You didn't know any spells.
Your spell library contained the following spells:

 Spells                   Type           Power      Damage    Failure   Level
 Slow                     Hex            0%         N/A       45%         1
 Confusing Touch          Hex            0%         N/A       83%         3
 Fugue of the Fallen      Necr           0%         N/A       83%         3
 Ozocubu's Armour         Ice            0%         N/A       83%         3
 Sigil of Binding         Hex            0%         N/A       83%         3
 Vampiric Draining        Necr           0%         2d6       83%         3
 Manifold Assault         Tloc           0%         N/A       99%         4


Dungeon Overview and Level Annotations

Branches:
Dungeon (3/15)

Altars:

Shops:
D:1 *   D:2 [:(**


Innate Abilities, Weirdness & Mutations

You are a hulking beast.
Your limbs bulge with bestial killing power. (Slay +1)
You are too large for most types of armour.
You have claws for hands.
Your natural rate of healing is unusually fast.
You are covered in fur. (AC +1)
You have tough skin. (AC +1)


Message History

You scratch the scorpion but do no damage.
The scorpion is moderately wounded.
You feel sick. The scorpion completely misses you.
You closely miss the scorpion.
The scorpion is moderately wounded.
You feel sick. The scorpion closely misses you.
You barely miss the scorpion.
The scorpion is moderately wounded.
You feel sick. The scorpion closely misses you.
You barely miss the scorpion.
The scorpion is moderately wounded.
You feel sick. The scorpion stings you.
You are more poisoned.
The scorpion poisons you! The scorpion misses you.
You scratch the scorpion.
The scorpion is heavily wounded.
You feel sick. The scorpion stings you.
You are more poisoned.
The scorpion poisons you!
You scratch the scorpion.
The scorpion is heavily wounded.
You feel very sick.
The scorpion stings you but does no damage.
You barely miss the scorpion.
The scorpion is heavily wounded.
You feel very sick.
The scorpion stings you but does no damage.
You scratch the scorpion.
The scorpion is severely wounded.
You feel sick. The scorpion stings you!
* * * LOW HITPOINT WARNING * * *
You are lethally poisoned!
The scorpion poisons you!
Okay, then.
You barely miss the scorpion.
The scorpion is severely wounded.
* * * LOW HITPOINT WARNING * * *
You feel very sick. The scorpion stings you!
You die...

#..#.....#
####.###.# #.# #.#
#.# #.# #.###.#
####.....# .
#.....#### .
##.##.## .#
####..##.#
.########....###.#
..........#### #h#
.......####
#.s......#
.......#
#........#
#....###
#!...>...# ...###
#........# #.##
#......!.# #.#
#$.......# #.#
#........# #.# ...
...


You could see a scorpion.

Vanquished Creatures
  A dart slug (D:2)
  2 ribbon worms (D:2)
  4 orcs (D:3)
  4 endoplasms (D:2)
  2 giant cockroaches
  6 goblins
  4 hobgoblins (D:2)
  3 jackals (D:1)
  5 kobolds
  A quokka (D:1)
  A ball python (D:1)
  3 bats
  3 rats (D:2)
39 creatures vanquished.

Notes
Turn   | Place    | Note
-------+----------+-------------------------------------------
     0 | D:1      | AlterAsc the Troll Shapeshifter began the quest for the
                  | Orb.
     0 | D:1      | Reached XP level 1. HP: 18/18 MP: 0/0
   146 | D:1      | Reached skill level 1 in Fighting
   262 | D:1      | Reached XP level 2. HP: 27/27 MP: 1/1
   614 | D:1      | Found Yger Faa's General Store.
  1039 | D:1      | Bought a scroll of teleportation for 33 gold pieces
  1103 | D:2      | Found Tanuomie's Antique Armour Emporium.
  1179 | D:2      | Reached XP level 3. HP: 35/35 MP: 2/2
  1231 | D:2      | Found Tidafot's Antique Weapon Boutique.
  1237 | D:2      | Found a faded altar of an unknown god.
  1253 | D:2      | Found Zilecs's General Store.
  1465 | D:2      | Found Anoif's Assorted Antiques.
  1505 | D:2      | Found Jiatootz's Book Shop.
  1715 | D:3      | Noticed a scorpion
  1730 | D:3      | Slain by a scorpion

Illustrated notes

Levels and vault maps discovered:
D:1:      dpeg_arrival_chambers_temple_mockup, layout_basic, serial_shops,
          nicolae_shop_tiny_glass
D:2:      layout_rooms, serial_shops, shop, nicolae_shop_tiny_waterfront,
          nicolae_shop_tiny_real_fake_doors, shop, nicolae_shop_tiny_waterfront,
          basic_ecumenical_altar, minmay_misc_feat_x,
          chequers_serial_rivers_micro_e, st_stairs_3
D:3:      layout_basic, amcnicky_mini_rare_corridor_liquid,
          minmay_quadrilaterals, uniq_natasha, uniq_crazy_yiuf_cottage

Skill      XL: |  1  2 |
---------------+-------+-----
Fighting       | 1 2 |  2.7
Dodging        | 2 |  2.0
Unarmed Combat | |  3.0
Shapeshifting  | |  3.0

Action                     || total
---------------------------++-------
  Melee: Unarmed           ||    99
 Armour: Animal skin       ||    42
  Dodge: Dodged            ||    52
